 Dungeon Crawl Stone Soup version 0.29.1-2-gbd0b4ee654 (webtiles) character file.

Game seed: 16182518120381207089

39 Lutefisk the Gusty (level 3, -2/22 HPs)
             Began as a Tengu Air Elementalist on Nov 19, 2022.
             Killed from afar by Sigmund (10 damage)
             ... with a puff of flame
             ... on level 2 of the Dungeon.
             The game lasted 00:06:56 (917 turns).

Lutefisk the Gusty (Tengu Air Elementalist)          Turns: 917, Time: 00:06:57

Health: -2/22      AC:  3    Str:  8    XL:     3   Next: 47%
Magic:  3/7        EV: 11    Int: 17    God:
Gold:   82         SH:  0    Dex: 14    Spells: 0/6 levels left

rFire   . . .      SeeInvis .   c - +0 spear
rCold   . . .      Faith    .   (no shield)
rNeg    . . .      Spirit   .   i - +0 leather armour
rPois   .          Reflect  .   (helmet restricted)
rElec   .          Harm     .   (no cloak)
rCorr   .          Rampage  .   (no gloves)
Will    .....                   (boots unavailable)
Stlth   ++........              (no amulet)
HPRegen 0.07/turn               (no ring)
MPRegen 0.10/turn               (no ring)

@: swift, very quick
A: beak, talons 3
a: no special abilities


You were on level 2 of the Dungeon.
You visited 1 branch of the dungeon, and saw 2 of its levels.

You collected 82 gold pieces.

Inventory:

Hand Weapons
 c - a +0 spear (weapon)
Missiles
 f - a javelin (quivered)
Armour
 i - a +0 leather armour (worn)
Scrolls
 a - a scroll of fear {unknown}
 g - a scroll of fog {unknown}
 h - a scroll of identify {unknown}
Potions
 b - a potion of magic
 d - 3 potions of curing {unknown}
 e - a potion of attraction {unknown}
 j - a potion of haste {unknown}


   Skills:
 * Level 2.9 Fighting
 - Level 2.1 Dodging
 - Level 2.0 Stealth
 - Level 2.0 Spellcasting
 * Level 1.5 Conjurations
 - Level 4.0 Air Magic


You couldn't memorise any spells.
You knew the following spells:

 Your Spells              Type           Power      Damage    Failure   Level
a - Shock                 Conj/Air       44%        1d5       9%          1
b - Static Discharge      Conj/Air       11%        3-5/arc   14%         2
c - Swiftness             Air            15%        N/A       16%         3

Your spell library contained the following spells:

 Spells                   Type           Power      Damage    Failure   Level
 Airstrike                Air            7%         2d(2-18)  47%         4


Dungeon Overview and Level Annotations

Branches:
Dungeon (2/15)

Altars:

Annotations:
D:2 Robin, Sigmund


Innate Abilities, Weirdness & Mutations

You have a beak for a mouth.
You have claws for feet.


Message History

The kobold closely misses you.
You closely miss the kobold. Your peck misses the kobold.
The kobold is severely wounded.
The kobold hits you but does no damage.
Sigmund the Dreaded comes into view.
He is wielding a +0 scythe.
You hit the kobold but do no damage.
The kobold is severely wounded.
The kobold barely misses you.
Casting: Shock (safe; 9% risk of failure)
Confirm with . or Enter, or press ? or * to list all spells.
Aiming: Shock (safe; 9% risk of failure)
Press: ? - help, Shift-Dir - straight line, f/p - kobold
Aim: a kobold, wielding a +0 club and quivering stones (severely wounded, 60% to hit)
The zap hits the kobold.
You kill the kobold!
Sigmund casts a spell at you.
You are confused.
You bump into the rock wall.
Sigmund casts a spell at you. The magic dart hits you.
You bump into the rock wall.
Sigmund casts a spell at you. The puff of flame hits you!
You bump into the rock wall.
You bump into the rock wall.
You bump into the rock wall.
You feel less confused.
Casting: Shock (safe; 9% risk of failure)
Confirm with . or Enter, or press ? or * to list all spells.
The spell is extremely dangerous to miscast (16% risk of failure)!
Continue anyway?
You feel quick.
Sigmund breathes a few words.
Sigmund's hands start flickering wildly.
Sigmund gestures wildly while chanting.
Sigmund flickers and vanishes!
Deactivating autopickup; reactivate with Ctrl-A.
You see here a ball python corpse.
A puff of flame appears from out of thin air!
The puff of flame hits you!
You die...

#>......#
#.#####...# #.#..
..#.. #.#.# ##
#.#.#######
#.........#
###.......######
...................#
#############@.....#
#†.....# #......#
#.###### #.# #.# #{#
#.# ####.
#.######......


There were no monsters in sight!

Vanquished Creatures
  6 endoplasms
  2 giant cockroaches (D:1)
  6 goblins
  5 hobgoblins (D:1)
  3 kobolds
  A quokka (D:1)
  6 ball pythons
  A bat (D:1)
  2 frilled lizards (D:1)
  3 rats (D:1)
35 creatures vanquished.

Notes
Turn   | Place    | Note
-------+----------+-------------------------------------------
     0 | D:1      | Lutefisk the Tengu Air Elementalist began the quest for the
                  | Orb.
     0 | D:1      | Reached XP level 1. HP: 10/10 MP: 4/4
    75 | D:1      | Reached skill level 1 in Fighting
   108 | D:1      | Reached XP level 2. HP: 9/16 MP: 0/6
   358 | D:1      | Reached XP level 3. HP: 10/22 MP: 0/7
   412 | D:1      | Learned a level 2 spell: Static Discharge
   416 | D:1      | Learned a level 3 spell: Swiftness
   450 | D:2      | Noticed Robin
   458 | D:1      | HP: 1/22 [frozen (2)]
   896 | D:2      | Noticed Sigmund
   917 | D:2      | Killed from afar by Sigmund

Illustrated notes

Levels and vault maps discovered:
D:1:      dpeg_arrival_three_same_balls, layout_rooms, interstate_on_off
D:2:      layout_basic, nicolae_ecumenical_lake_church, basic_altar,
          minmay_goblin_outpost, uniq_robin, uniq_sigmund

Skill      XL: |  1  2 |
---------------+-------+-----
Fighting       | 1 2 |  2.9
Dodging        | |  2.1
Stealth        | |  2.0
Spellcasting   | |  2.0
Conjurations   | |  1.5
Air Magic      | |  4.0

Action                   || total
-------------------------++-------
Melee: Spear             ||    36
       Peck              ||     5
       Kick              ||     6
Throw: Javelin           ||     1
 Cast: Shock             ||    42
       Swiftness         ||     2
 Stab: Sleeping          ||     1
Armor: Robe              ||     3
       Leather armour    ||     2
Dodge: Dodged            ||    27
